 Dungeon Crawl Stone Soup version 0.15-a0-2374-gaadabb3 (webtiles) character file.

112785 Ololoev the Fencer (level 16, 0/134 HPs)
             Began as a Centaur Hunter on Aug 1, 2014.
             Was the Champion of Okawaru.
             Slain by a seven-headed hydra (6 damage)
             ... on Level 5 of the Swamp.
             The game lasted 02:37:59 (39325 turns).

Ololoev the Fencer (Centaur Hunter)                Turns: 39325, Time: 02:37:59

HP   0/134       AC 23     Str 14      XL: 16   Next: 12%
MP  19/19        EV  7     Int 10      God: Okawaru [******]
Gold 1683        SH  0     Dex 25      Spells:  4 memorised, 11 levels left

rFire  + + .     SeeInvis .     L - +9 great sword "Ogrebane" {freeze, +Blink +Fly rElec rC- Str-3 Dex+4}
rCold  x . .     Clarity  .     g - +2 ring mail {rPois}
rNeg   . . .     rCorr    .     (no shield)
rPois  +         rRot     .     e - +0 helmet
rElec  +         Spirit   .     V - +2 cloak of Duck's Teeth {rF+ Dex+3}
SustAb .         Warding  .     K - +1 pair of gloves {Str+3}
rMut   .         Stasis   .     i - +0 centaur barding
Gourm  .                        Q - amulet of faith
MR     +....                    C - ring of protection from fire
                                F - +6 ring of slaying

@: grasped by roots, somewhat resistant to hostile enchantments, very unstealthy
A: hooves 3, deformed body, speed 2, tough skin 3
a: Heroism, Finesse, Renounce Religion, Evoke Blink, Evoke Flight


You were on level 5 of the Swamp.
You worshipped Okawaru.
Okawaru was exalted by your worship.
You were not hungry.

You visited 3 branches of the dungeon, and saw 28 of its levels.
You also visited: Sewer and Ice Cave.

You collected 1683 gold pieces.

Inventory:

Hand weapons
 p - the +15 heavy crossbow "Sniper" {velocity, SInv}
   (Okawaru gifted it to you on level 12 of the Dungeon)

   Any bolt fired from it inflicts extra damage.
   It enhances your eyesight.
 L - the +9 great sword "Ogrebane" (weapon) {freeze, +Blink +Fly rElec rC- Str-3 Dex+4}
   (Okawaru gifted it to you on level 14 of the Dungeon)

   It has been specially enchanted to freeze those struck by it, causing extra
   injury to most foes and up to double damage against particularly susceptible
   opponents.
   It can also slow down cold-blooded creatures.
   It affects your strength (-3).
   It affects your dexterity (+4).
   It makes you vulnerable to cold.
   It insulates you from electricity.
   It lets you fly.
   It lets you blink.
Missiles
 c - 180 bolts
 f - 17 silver bolts
 m - 23 bolts of frost
 x - 14 bolts of flame
 z - 11 poisoned bolts
 E - 16 steel bolts
 M - 18 bolts of penetration (quivered)
Armour
 b - a +6 chain mail of cold resistance
 e - a +0 helmet (worn)
 g - a +2 ring mail of poison resistance (worn)
 i - a +0 centaur barding (worn)
 K - a +1 pair of gloves of strength (worn)
 V - the +2 cloak of Duck's Teeth (worn) {rF+ Dex+3}
   (You found it on level 3 of the Swamp)

   It affects your dexterity (+3).
   It protects you from fire.
Magical devices
 d - a wand of teleportation (7)
 U - a wand of disintegration (10)
 W - a wand of fireball (2)
Comestibles
 a - 19 meat rations
 n - 6 fruits
Scrolls
 h - 7 scrolls of remove curse
 l - 17 scrolls of teleportation
 s - 5 scrolls of fog
 B - 12 scrolls of identify
 J - 5 scrolls of immolation
 N - 3 scrolls of fear
 O - a scroll of holy word
 R - 2 scrolls of magic mapping
 T - 2 scrolls of recharging
Jewellery
 t - an uncursed amulet of resist mutation {unknown}
 y - an uncursed amulet of clarity
 C - a ring of protection from fire (right hand)
 F - a +6 ring of slaying (left hand)
 P - an uncursed ring of wizardry
 Q - an amulet of faith (around neck)
Potions
 j - 9 potions of restore abilities
 k - 3 potions of cancellation
 o - 2 potions of resistance
 q - 6 potions of might
 r - a potion of flight
 u - 9 potions of agility
 v - 3 potions of brilliance
 A - a potion of cure mutation
 D - 3 potions of magic
 G - 2 potions of poison {unknown}
 H - 11 potions of curing
 S - a potion of berserk rage
Miscellaneous
 I - a lantern of shadows


   Skills:
 - Level 9.8 Fighting
 + Level 17.1 Long Blades
 - Level 13.0 Crossbows
 - Level 10.4 Armour
 * Level 5.7 Dodging
 - Level 0.5 Stealth
 - Level 2.1 Spellcasting
 - Level 3.1 Charms
 - Level 3.1 Air Magic


You had 11 spell levels left.
You knew the following spells:

 Your Spells              Type           Power        Failure   Level  Hunger
a - Repel Missiles        Chrm/Air       #.....       14%         2    ###....
b - Flight                Chrm/Air       #.........   30%         3    ####...
c - Swiftness             Chrm/Air       #.......     14%         2    ###....
d - Apportation           Tloc           #.........   34%         1    ##.....


Dungeon Overview and Level Annotations

Branches:
Dungeon (15/15)            Temple (0/1) D:7             Orc (0/4) D:10
   Lair (8/8) D:8           Swamp (5/5) Lair:5        Snake (0/5) Lair:6
  Slime (0/6) Lair:8       Vaults (0/5) D:14
 Depths: D:15

Altars:
Cheibriados
Dithmenos
Elyvilon
Fedhas
Gozag
Okawaru
Trog
Vehumet
The Shining One


Innate Abilities, Weirdness & Mutations

You have hooves in place of feet.
Armour fits poorly on your strangely shaped body.
You cover ground very quickly.
You have extremely tough skin (AC +3).


Message History

Evoke which item? (* to show all) (? for menu, Esc to quit)
Okay, then.
Drink which item? (? for menu, Esc to quit)
You feel better.
The raven pecks the swamp dragon!
The raven claws the swamp dragon.
The swamp dragon bites you.
* * * LOW HITPOINT WARNING * * *
The swamp dragon claws you but does no damage.
The swamp dragon tramples you.
* * * LOW HITPOINT WARNING * * *
You stumble backwards!
The seven-headed hydra completely misses you.
The seven-headed hydra bites you but does no damage.
The seven-headed hydra bites you!
* * * LOW HITPOINT WARNING * * *
The seven-headed hydra barely misses you.
The seven-headed hydra bites you but does no damage.
The seven-headed hydra bites you.
* * * LOW HITPOINT WARNING * * *
The seven-headed hydra bites you.
You die...

♣[≈≈≈≈.≈§≈≈≈≈.≈≈≈.≈...♣
.≈≈≈≈≈≈≈.♣♣≈.≈≈≈≈..≈♣♣♣♣
.≈.≈≈≈≈≈♣♣♣≈.≈≈≈≈..≈≈≈.♣♣
♣#≈?.♣≈.♣♣♣♣≈≈§≈≈≈≈≈≈≈..♣
#♣....≈♣♣≈≈≈§§§≈≈.≈≈.≈≈♣
##..≈≈..≈≈§§§§§≈≈≈≈≈<≈♣
#.≈≈≈§§≈.§≈§≈≈≈≈≈≈≈♣♣
.≈.≈≈≈≈≈§§§§§.≈≈≈≈.♣
.≈..≈.♣≈§§D@§≈≈.≈.♣♣
#..≈≈.k..≈§≈D..≈..♣♣
[...≈.≈%..b≈f≈.b.♣♣
..≈..D♣♣k≈≈≈≈.D≈≈♣ ..♣≈
♣k≈D.....≈♣♣♣♣
♣♣♣♣♣♣§b.D♣..♣ ♣♣♣♣♣≈≈.♣
♣≈.≈♣ ♣♣♣♣♣


You could see a shambling mangrove, an eight-headed hydra (wandering), a
seven-headed hydra, a four-headed hydra (fleeing), 3 swamp dragons, 3 ravens and
3 swamp drakes.

Vanquished Creatures
  A thorn hunter (Swamp:4)
  Maud (D:14)
  Gastronok (D:8)
  3 rakshasas (D:13)
  4 vault guards (D:14)
  4 shambling mangroves
  Nessos (D:12)
  11 alligators
  A centaur warrior (D:13)
  10 death yaks
  A deep troll shaman (Lair:8)
  12 hydras
  Nergalle (Lair:6)
  A catoblepas (Lair:8)
  An unseen horror (D:14)
  A skeletal warrior (D:15)
  3 ice statues
  A wizard (D:14)
  8 swamp dragons
  5 ugly things
  5 hill giants
  A wolf spider zombie (D:13)
  3 orc knights
  2 griffons
  An orc sorcerer (D:14)
  2 red wasps (Swamp:2)
  9 elephants
  The ghost of flinch the Covert, an experienced SpAs of Gozag (D:5)
  12 oklob plants (Lair:3)
  2 cyclopes
  The ghost of TZer0 the Cudgeler, an experienced OgAM of Cheibriados (D:6)
  Maurice (D:11)
  A centaur zombie (D:13)
  Joseph (D:7)
  2 gargoyles
  4 black mambas
  A feature mimic (Lair:6)
  14 spiny frogs
  An efreet (D:13)
  A yaktaur (D:14)
  9 komodo dragons
  4 trolls
  A giant leech (Swamp:5)
  Sonja (D:11)
  3 slime creatures (Swamp:3)
  A polar bear (Lair:8)
  The ghost of ciphuk the Insei, an average DrTm (D:4)
  13 ravens
  6 basilisks
  6 bog bodies
  13 blink frogs
  5 baby alligators
  4 spriggans
  2 humans
  A vampire (D:14)
  2 wraiths
  32 yaks
  2 wyverns
  A deep elf mage (D:13)
  2 trapdoor spiders
  14 hippogriffs
  15 vampire mosquitoes
  27 swamp worms
  13 wolves
  A naga (Lair:6)
  10 porcupines
  3 mottled dragons
  A tengu skeleton (D:13)
  18 water moccasins
  8 orc warriors
  Purgy (Sewer)
  A necrophage (D:6)
  4 black bears
  9 swamp drakes
  11 ice beasts
  2 phantoms
  4 yellow wasps
  3 sky beasts
  3 boring beetles
  13 crocodiles
  9 ogres
  13 centaurs
  2 big kobolds
  Blork the orc (D:5)
  19 giant frogs
  33 insubstantial wisps
  2 scorpions
  A hippogriff zombie (D:9)
  3 wights (D:13)
  2 electric eels
  An eye of draining (D:14)
  A hippogriff skeleton (D:13)
  A troll skeleton (D:12)
  22 killer bees
  4 goliath beetles
  9 crimson imps
  19 hounds
  4 jellies
  10 orc priests
  2 giant frog skeletons
  A quasit (D:13)
  A basilisk skeleton (D:12)
  15 iguanas
  13 orc wizards
  11 worker ants
  A black bear skeleton (D:8)
  16 sheep
  A spectral orc (Lair:6)
  Ijyb (D:7)
  Jessica (D:2)
  An ogre skeleton (D:10)
  33 adders
  6 gnolls
  54 green rats
  3 shadow imps
  2 giant mites
  4 worms
  2 orc zombies
  An adder zombie (D:7)
  An iguana zombie (D:7)
  51 orcs
  15 bats
  5 giant cockroaches
  16 hobgoblins
  7 jackals
  22 kobolds
  14 quokkas
  6 ball pythons
  16 giant geckos
  9 giant newts
  A giant spore (D:5)
  15 goblins
  2 hobgoblin skeletons
  An orc skeleton (D:8)
  14 rats
  2 ballistomycetes (D:5)
  2 briar patches (Swamp:4)
  35 plants
965 creatures vanquished.

Vanquished Creatures (others)
  A black mamba (Lair:8)
  An electric eel (Lair:3)
  An orc wizard (D:12)
  4 orcs (D:12)
  A briar patch (Swamp:4)
  A bush (D:3)
  5 fungi
  A plant (Lair:8)
15 creatures vanquished.

Grand Total: 980 creatures vanquished

Notes
Turn   | Place    | Note
--------------------------------------------------------------
     0 | D:1      | Ololoev, the Centaur Hunter, began the quest for the Orb.
     0 | D:1      | Reached XP level 1. HP: 16/16 MP: 1/1
   136 | D:1      | Reached skill level 5 in Crossbows
   136 | D:1      | Reached XP level 2. HP: 15/23 MP: 2/2
   654 | D:1      | Reached XP level 3. HP: 6/28 MP: 3/3
  1332 | D:2      | Noticed Jessica
  1344 | D:2      | Killed Jessica
  1344 | D:2      | Reached skill level 6 in Crossbows
  1416 | D:2      | Reached XP level 4. HP: 31/35 MP: 3/3
  2334 | D:3      | Reached skill level 7 in Crossbows
  2334 | D:3      | Reached XP level 5. HP: 40/40 MP: 4/4
  2682 | D:3      | Found an iron altar of Okawaru.
  2709 | D:3      | Became a worshipper of Warmaster Okawaru
  3049 | D:3      | Learned a level 2 spell: Repel Missiles
  3263 | D:4      | Found a glowing golden altar of the Shining One.
  3276 | D:4      | Noticed ciphuk's ghost (average DrTm)
  3284 | D:4      | Killed ciphuk's ghost
  3284 | D:4      | Acquired Okawaru's first power
  3284 | D:4      | Reached skill level 1 in Spellcasting
  3284 | D:4      | Reached skill level 1 in Charms
  3284 | D:4      | Reached skill level 1 in Air Magic
  3284 | D:4      | Reached XP level 6. HP: 47/47 MP: 5/8
  3303 | D:4      | Learned a level 3 spell: Flight
  3306 | D:4      | Learned a level 2 spell: Swiftness
  3434 | D:4      | Found a glowing drain.
  3457 | Sewer    | Entered a sewer
  3480 | Sewer    | Noticed Purgy
  3488 | Sewer    | Killed Purgy
  3488 | Sewer    | Reached XP level 7. HP: 49/52 MP: 8/10
  3822 | D:4      | Reached skill level 1 in Long Blades
  3843 | D:4      | Found a radiant altar of Vehumet.
  4518 | D:4      | Found a white marble altar of Elyvilon.
  4577 | D:5      | Entered Level 5 of the Dungeon
  4590 | D:5      | Noticed Blork the orc
  4604 | D:5      | Killed Blork the orc
  4628 | D:5      | Noticed flinch's ghost (experienced SpAs)
  4634 | D:5      | Killed flinch's ghost
  4634 | D:5      | Reached skill level 5 in Long Blades
  4634 | D:5      | Reached XP level 8. HP: 49/59 MP: 11/11
  4668 | D:5      | Got a faintly glowing spear
  4669 | D:5      | Identified the +2 spear of the Evening {holy, +Blink MR+ Int-1} (You found it on level 5 of the Dungeon)
  5208 | D:5      | Found a blossoming altar of Fedhas.
  5492 | D:6      | Noticed TZer0's ghost (experienced OgAM)
  5737 | D:6      | Killed TZer0's ghost
  5941 | D:6      | Reached XP level 9. HP: 58/64 MP: 13/13
  6421 | D:6      | Reached skill level 8 in Long Blades
  7481 | D:7      | Found a bloodstained altar of Trog.
  7679 | D:7      | Reached skill level 9 in Long Blades
  7814 | D:7      | Received a gift from Okawaru
  7913 | D:7      | Found a staircase to the Ecumenical Temple.
  7956 | D:7      | Noticed Joseph
  8403 | D:7      | Noticed Ijyb
  8422 | D:7      | Killed Ijyb
  8433 | D:7      | Killed Joseph
  8433 | D:7      | Reached skill level 10 in Long Blades
  8960 | D:8      | Reached XP level 10. HP: 52/71 MP: 13/13
  9102 | D:8      | Found an opulent altar of Gozag.
  9770 | D:8      | Reached skill level 11 in Long Blades
 10462 | D:8      | Noticed a komodo dragon
 10503 | D:8      | Killed a komodo dragon
 10653 | D:8      | Noticed a komodo dragon
 10760 | D:8      | Killed a komodo dragon
 10927 | D:8      | Noticed a komodo dragon
 10964 | D:8      | Killed a komodo dragon
 10964 | D:8      | Acquired Okawaru's second power
 11022 | D:8      | Found a staircase to the Lair.
 11162 | D:8      | Reached skill level 12 in Long Blades
 11236 | D:8      | Noticed Gastronok
 11251 | D:8      | Killed Gastronok
 11251 | D:8      | Received a gift from Okawaru
 11589 | D:9      | Received a gift from Okawaru
 11624 | D:9      | Found a bloodstained altar of Trog.
 11879 | D:9      | Reached skill level 13 in Long Blades
 12188 | D:10     | Entered Level 10 of the Dungeon
 12206 | D:10     | Noticed a hill giant
 12228 | D:10     | Killed a hill giant
 12228 | D:10     | Reached XP level 11. HP: 77/77 MP: 15/15
 12333 | D:10     | Noticed a hill giant
 12380 | D:10     | Killed a hill giant
 12708 | D:10     | Noticed a hill giant
 12737 | D:10     | Killed a hill giant
 13019 | D:10     | Found a staircase to the Orcish Mines.
 13210 | D:11     | Noticed Sonja
 14184 | D:11     | Killed Sonja
 14423 | D:11     | Reached skill level 14 in Long Blades
 15117 | D:11     | Noticed Maurice
 15117 | D:11     | Paralysed by Maurice for 2 turns
 15123 | D:11     | Killed Maurice
 15482 | D:12     | Noticed Nessos
 15482 | D:12     | Received a gift from Okawaru
 15514 | D:12     | Killed Nessos
 15648 | D:12     | Reached skill level 15 in Long Blades
 15986 | D:12     | Found a frozen archway.
 15986 | D:12     | Noticed an ice statue
 16037 | D:12     | Killed an ice statue
 16037 | D:12     | Reached skill level 1 in Armour
 16104 | IceCv    | Entered an ice cave
 16119 | IceCv    | Reached XP level 12. HP: 41/91 MP: 16/16
 16335 | IceCv    | Noticed an ice statue
 16335 | IceCv    | Noticed an ice statue
 16344 | IceCv    | Killed an ice statue
 16357 | IceCv    | Killed an ice statue
 16600 | D:12     | Reached skill level 5 in Fighting
 16715 | D:12     | Received a gift from Okawaru
 18126 | D:13     | Noticed a rakshasa
 18137 | D:13     | Killed a rakshasa
 18143 | D:13     | Killed a rakshasa
 18674 | D:13     | Killed a rakshasa
 19149 | D:13     | Received a gift from Okawaru
 19152 | D:13     | Got a faintly glowing plate armour {god gift}
 19164 | D:13     | Identified the +5 plate armour of Okawaru's Hope {Dex+2 Int+3 Curse} (Okawaru gifted it to you on level 13 of the Dungeon)
 19399 | D:13     | Noticed a centaur warrior
 19408 | D:13     | Killed a centaur warrior
 19982 | D:14     | Noticed Maud
 20036 | D:14     | Killed Maud
 20036 | D:14     | Reached XP level 13. HP: 109/111 MP: 17/17
 20192 | D:14     | Noticed a vault guard
 20406 | D:14     | Killed a vault guard
 20406 | D:14     | Reached skill level 5 in Armour
 20422 | D:14     | Noticed a vault guard
 20811 | D:14     | Killed a vault guard
 21042 | D:14     | Received a gift from Okawaru
 21045 | D:14     | Got a slimy great sword {god gift}
 21046 | D:14     | Identified the +9 great sword "Ogrebane" {freeze, +Blink +Fly rElec rC- Str-3 Dex+4} (Okawaru gifted it to you on level 14 of the Dungeon)
 21234 | D:14     | Found a gate to the Vaults.
 21234 | D:14     | Noticed a vault guard
 21234 | D:14     | Noticed a vault guard
 21239 | D:14     | Killed a vault guard
 21247 | D:14     | Killed a vault guard
 21339 | D:14     | Found a shadowy altar of Dithmenos.
 21734 | D:15     | Entered Level 15 of the Dungeon
 21775 | D:15     | Reached skill level 10 in Crossbows
 22273 | Lair:1   | Entered Level 1 of the Lair of Beasts
 22740 | Lair:1   | Received a gift from Okawaru
 22884 | Lair:1   | Learned a level 1 spell: Apportation
 24611 | Lair:3   | Received a gift from Okawaru
 24616 | Lair:3   | Got an iridescent scimitar {god gift}
 24617 | Lair:3   | Identified the +3 scimitar of Hacking and Slashing {antimagic, rC+} (Okawaru gifted it to you on level 3 of the Lair of Beasts)
 25741 | Lair:3   | Reached XP level 14. HP: 95/119 MP: 18/18
 26955 | Lair:4   | You fall through a shaft!
 27546 | Lair:5   | Found a staircase to the Swamp.
 27950 | Lair:6   | Received a gift from Okawaru
 28540 | Lair:6   | Received a gift from Okawaru
 28562 | Lair:6   | Received a gift from Okawaru
 28683 | Lair:6   | Noticed Nergalle
 28860 | Lair:6   | Got a twisted broad axe
 28861 | Lair:6   | Identified the cursed +1 broad axe "Kuohiw" {elec, rF- Str-2 Int+2} (You found it on level 6 of the Lair of Beasts)
 29012 | Lair:6   | Found a staircase to the Snake Pit.
 29511 | Lair:6   | Killed Nergalle
 30606 | Lair:8   | Entered Level 8 of the Lair of Beasts
 31026 | Lair:8   | Received a gift from Okawaru
 31868 | Lair:8   | Identified a scroll of acquirement
 32143 | Lair:8   | Received a gift from Okawaru
 32271 | Lair:8   | Reached XP level 15. HP: 29/126 MP: 19/19
 32610 | Lair:8   | Reached skill level 16 in Long Blades
 32750 | Lair:8   | Found a staircase to the Slime Pits.
 32973 | Lair:8   | Received a gift from Okawaru
 33094 | Swamp:1  | Entered Level 1 of the Swamp
 34153 | Swamp:1  | Received a gift from Okawaru
 34445 | Swamp:1  | Found a snail-covered altar of Cheibriados.
 34491 | Swamp:1  | Received a gift from Okawaru
 35161 | Swamp:2  | Reached skill level 10 in Armour
 37176 | Swamp:3  | Got a distressingly furry cloak
 37188 | Swamp:3  | Identified the +2 cloak of Duck's Teeth {rF+ Dex+3} (You found it on level 3 of the Swamp)
 37424 | Swamp:3  | Got a dazzling cloak
 37436 | Swamp:3  | Identified the +1 cloak "Acyucs" {Str+2 Dex+4} (You acquired it on level 3 of the Swamp)
 37833 | Swamp:4  | Received a gift from Okawaru
 38576 | Swamp:4  | Noticed a thorn hunter
 38594 | Swamp:4  | Killed a thorn hunter
 38594 | Swamp:4  | Reached skill level 17 in Long Blades
 38743 | Swamp:4  | Reached skill level 5 in Dodging
 38816 | Swamp:5  | Entered Level 5 of the Swamp
 38825 | Swamp:5  | Reached XP level 16. HP: 89/134 MP: 19/19
 39296 | Swamp:5  | Received a gift from Okawaru
 39325 | Swamp:5  | HP: 6/134 [seven-headed hydra (4)]
 39325 | Swamp:5  | Slain by a seven-headed hydra

Action                   |  1- 3 |  4- 6 |  7- 9 | 10-12 | 13-15 | 16-18 || total
-------------------------+-------+-------+-------+-------+-------+-------++-------
Melee: Short sword       |   117 |   159 |       |       |       |       ||   276
       Falchion          |       |    37 |   278 |   604 |     6 |       ||   925
       Spear             |       |       |     5 |       |       |       ||     5
       Hand crossbow     |       |       |     2 |       |       |       ||     2
       Great sword       |       |       |       |       |  1111 |    51 ||  1162
 Fire: Hand crossbow     |     4 |    10 |    99 |    34 |       |       ||   147
       Arbalest          |       |       |       |    62 |       |       ||    62
       Triple crossbow   |       |       |       |    52 |   113 |     2 ||   167
 Cast: Flight            |       |       |     3 |       |       |       ||     3
       Repel Missiles    |       |       |     3 |     3 |     1 |       ||     7
 Abil: Evoke Flight      |       |       |       |       |     1 |       ||     1
Evoke: Wand              |       |       |     1 |     3 |     5 |       ||     9
  Use: Scroll            |       |    12 |    13 |     8 |    19 |     2 ||    54
       Potion            |       |     2 |     5 |     6 |     2 |     4 ||    19
  Eat: Chunk             |     1 |     1 |    10 |    15 |    16 |     1 ||    44
       Meat ration       |       |     1 |       |       |       |       ||     1
       Beef jerky        |       |       |     1 |     1 |     2 |       ||     4
       Bread ration      |       |       |     2 |     2 |     4 |     1 ||     9
       Fruit             |       |       |       |     2 |     5 |       ||     7
       Royal jelly       |       |       |       |       |     2 |       ||     2
       Pizza             |       |       |       |       |     4 |       ||     4
